 Dungeon Crawl Stone Soup version 0.30-a0-174-gbc10bd73c2 (webtiles) character file.

Game seed: 3097659020397426783

163 qw the Chopper (level 5, -6/32 HPs)
             Began as a Gargoyle Fighter on Oct 1, 2022.
             Killed by divine providence
             ... invoked by an orc priest
              (11 damage)
             ... on level 4 of the Dungeon.
             The game lasted 00:00:32 (1115 turns).

qw the Chopper (Gargoyle Fighter)                   Turns: 1115, Time: 00:00:33

Health: -6/32      AC: 10    Str: 21    XL:     5   Next: 44%
Magic:  5/5        EV:  9    Int:  9    God:
Gold:   58         SH:  4    Dex:  9    Spells: 4/4 levels left

rFire   . . .      SeeInvis .    Y - +0 war axe
rCold   . . .      Faith    .    c - +0 buckler
rNeg    + . .      Spirit   .    b - +0 scale mail
rPois   inf        Reflect  .    (no helmet)
rElec   +          Harm     .    (no cloak)
rCorr   .          Rampage  .    (no gloves)
Will    .....                    (no boots)
Stlth   ..........               (no amulet)
HPRegen 0.25/turn                (no ring)
MPRegen 0.09/turn                (no ring)

@: no status effects
A: sickness immunity, AC +4, negative energy resistance 1, electricity
resistance, torment resistance 1, petrification resistance
a: no special abilities


You were on level 4 of the Dungeon.
You visited 1 branch of the dungeon, and saw 3 of its levels.

You collected 58 gold pieces.


Innate Abilities, Weirdness & Mutations

You are immune to sickness and miasma.
Your stone body is resilient. (AC +4)
You are immune to poison.
You resist negative energy. (rN+)
You are resistant to electric shocks. (rElec)
You are resistant to unholy torment.
You are immune to petrification.


   Skills:
 + Level 3.3 Fighting
 - Level 5.0 Axes
 - Level 3.2 Armour
 - Level 3.2 Shields


You had 4 spell levels left.
You didn't know any spells.
Your spell library was empty.

Inventory:

Hand Weapons
 a - a +0 whip
 Y - a +0 war axe (weapon)
Armour
 b - a +0 scale mail (worn)
 c - a +0 buckler (worn)
Jewellery
 e - an amulet of the acrobat
Potions
 d - a potion of might
 f - a potion of degeneration {unknown}
 g - a potion of curing {unknown}

Dungeon Overview and Level Annotations

Branches:
Dungeon (2/15)

Altars:
Zin

Shops:
D:1 :


Message History

You block the orc's attack. x2
You hit the orc but do no damage.
The orc is severely wounded.
You barely miss the orc. You block the orc's attack.
The orc hits you with a +0 whip. You block the orc's attack.
You closely miss the orc.
The orc is severely wounded.
You closely miss the orc. You block the orc's attack.
The orc hits you but does no damage.
You barely miss the orc.
The orc is severely wounded.
You hit the orc. You closely miss something.
The orc hits you but does no damage. Something hits you but does no damage.
An orc priest comes into view. It is wielding a +0 whip.
The orc barely misses you.
The orc priest shouts!
You hit the orc.
You kill the orc!
You hit the orc. You barely miss something.
You hear a shout!
Something hits you.
You hear a shout!
You closely miss the orc.
The orc is almost dead.
You barely miss the orc priest. You miss something. The orc barely misses you.
The orc priest hits you but does no damage.
You block the orc's attack. You block something's attack.
The orc barely misses you. The orc priest barely misses you.
You closely miss the orc.
The orc is severely wounded.
You hit the orc. You closely miss something.
You hit the orc priest but do no damage.
Something hits you but does no damage. The orc hits you with a +0 dagger.
You block the orc's attack.
The orc priest begins to cast a cantrip, but forgets the words!
The orc priest invokes the aid of Beogh against you.
Beogh smites you!
You die...

.......
.......
.......
.......
#######
.......
......# #.....
......#
#....##o.....#
#oo@.o....#
###o#######
#.......#
###.....#
#[...)#
......#
###....# ....#
....#


You could see 2 orc priests and 3 orcs.

Vanquished Creatures
  A necrophage (D:4)
  A jelly (D:4)
  Jessica (D:2)
  An adder (D:4)
  2 dart slugs
  2 orcs (D:4)
  A bat (D:1)
  3 endoplasms
  2 giant cockroaches
  2 goblins (D:1)
  A hobgoblin (D:2)
  A jackal (D:4)
  2 kobolds (D:2)
  3 quokkas (D:2)
  2 ball pythons
  2 frilled lizards
  4 rats
31 creatures vanquished.

Notes
Turn   | Place    | Note
-------+----------+-------------------------------------------
     0 | D:1      | qw the Gargoyle Fighter began the quest for the Orb.
     0 | D:1      | Reached XP level 1. HP: 14/14 MP: 1/1
     0 | D:1      | 0 ||| qw: Version: 0.2-a-13-gfc7b4b4
     0 | D:1      | 0 ||| qw: Game counter: 1860
     0 | D:1      | 0 ||| qw: Always use a shield: true
     0 | D:1      | 0 ||| qw: God list: Okawaru
     0 | D:1      | 0 ||| qw: Allow faded altars: false
     0 | D:1      | 0 ||| qw: Do Orc after D:15 true
     0 | D:1      | 0 ||| qw: Do second Lair branch before Depths: true
     0 | D:1      | 0 ||| qw: Lair rune preference: random
     0 | D:1      | 0 ||| qw: Plans: Normal, Zot:1-4, God:TSO, Crypt, Tomb,
                  | Pan, Slime:5, Hells, Abyss, Orb
     0 | D:1      | 0 ||| PLANNING D:1-11
   184 | D:1      | Reached skill level 2 in Axes
   210 | D:1      | 210 ||| Stepping ~*~*~tactically~*~*~ (stealth).
   232 | D:1      | 232 ||| Stepping ~*~*~tactically~*~*~ (hiding).
   237 | D:1      | 237 ||| Stepping ~*~*~tactically~*~*~ (hiding).
   243 | D:1      | Reached XP level 2. HP: 17/19 MP: 2/2
   422 | D:1      | Found Axkuiw's Book Emporium.
   486 | D:1      | Found a faded altar of an unknown god.
   702 | D:1      | Found a glowing silver altar of Zin.
   707 | D:1      | 707 ||| READING scroll labelled YHIETZ SICKY.
   708 | D:1      | 708 ||| READING scroll labelled HYOT ZIUSCHODU.
   709 | D:1      | 709 ||| READING scroll labelled NEDOHASHROA.
   764 | D:2      | 764 ||| DROPPING +0 club.
   808 | D:2      | Reached skill level 3 in Axes
   862 | D:2      | Noticed Jessica
   872 | D:2      | Reached XP level 3. HP: 6/23 MP: 3/3
   873 | D:2      | Killed Jessica
   875 | D:2      | 875 ||| FLEEEEING.
   876 | D:2      | 876 ||| FLEEEEING.
   877 | D:2      | 877 ||| FLEEEEING.
   881 | D:2      | 881 ||| FLEEEEING.
   882 | D:2      | 882 ||| FLEEEEING.
   883 | D:2      | 883 ||| FLEEEEING.
   884 | D:2      | 884 ||| FLEEEEING.
   885 | D:2      | 885 ||| FLEEEEING.
   886 | D:2      | 886 ||| FLEEEEING.
   887 | D:2      | 887 ||| FLEEEEING.
   889 | D:2      | 889 ||| STAIRDANCE
  1075 | D:2      | You fall into a shaft and drop 2 floors!
  1082 | D:4      | Noticed a necrophage
  1090 | D:4      | Reached XP level 4. HP: 28/28 MP: 4/4
  1094 | D:4      | 1094 ||| Stepping ~*~*~tactically~*~*~ (stealth).
  1096 | D:4      | Reached skill level 4 in Axes
  1103 | D:4      | Killed a necrophage
  1104 | D:4      | Reached skill level 5 in Axes
  1104 | D:4      | Reached XP level 5. HP: 13/32 MP: 5/5
  1110 | D:4      | HP: 7/32 [orc/+0 whip (5)]
  1115 | D:4      | HP: 5/32 [orc/+0 dagger (3)]
  1115 | D:4      | Killed from afar by an orc priest

Levels and vault maps discovered:
D:1:      dpeg_arrival_water_altar, layout_basic, serial_shops,
          nicolae_lakefront_shop, chequers_ecumenical_altar_twisty
D:2:      layout_rooms, chequers_serial_rivers_micro_b, skrybe_limestone_x,
          uniq_jessica
D:4:      layout_rooms, gammafunk_ghost_nasty_kobolds

Skill      XL: |  1  2  3  4 |
---------------+-------------+-----
Axes           | 2 3 5 |  5.0
Fighting       | |  3.3
Armour         | |  3.2
Shields        | |  3.2

Action                   |  1- 3 |  4- 6 || total
-------------------------+-------+-------++-------
Melee: War axe           |    91 |    24 ||   115
  Use: Scroll            |     3 |       ||     3
Armor: Scale mail        |    43 |    16 ||    59
Dodge: Dodged            |    37 |    11 ||    48
Block: Buckler           |    20 |     9 ||    29

Table legend:
 A = Non-vault XP
 B = Vault XP
 C = Vault XP percentage of total XP
 D = Non-vault monster count
 E = Vault monster count
 F = Vault count percentage of total count
                 A         B        C        D         E       F
            +---------+---------+-------+---------+---------+-------
      Total |     196 |      37 |  15.9 |      30 |       1 |   3.2
            +---------+---------+-------+---------+---------+-------
        D:1 |      21 |       0 |   0.0 |      12 |       0 |   0.0
        D:2 |      22 |      37 |  62.7 |      12 |       1 |   7.7
        D:4 |     153 |       0 |   0.0 |       6 |       0 |   0.0
            +---------+---------+-------+---------+---------+-------
